 Dungeon Crawl Stone Soup version 0.25.1-2-g60ff931df9 (webtiles) character file.

Game seed: 11818144516102509953

294 lorenzova the Conjurer (level 6, -4/32 HPs)
             Began as a Deep Elf Conjurer on Sept 17, 2020.
             Blown up by Ijyb (22 damage)
             ... with a disintegration bolt
             ... on level 4 of the Dungeon.
             The game lasted 00:08:33 (3819 turns).

lorenzova the Conjurer (Deep Elf Conjurer)          Turns: 3819, Time: 00:08:34

Health: -4/32      AC:  3    Str:  5    XL:     6   Next: 11%
Magic:  20/26      EV: 13    Int: 22    God:
Gold:   223        SH:  0    Dex: 15    Spells: 6/17 levels left

rFire    . . .     SeeInvis .   v - +2 flail (protect)
rCold    . . .     Gourm    .   (no shield)
rNeg     . . .     Faith    .   r - +0 robe (curse)
rPois    .         Spirit   .   (no helmet)
rElec    .         Reflect  .   (no cloak)
rCorr    .         Harm     .   (no gloves)
MR       .....                  f - +0 pair of boots
Stlth    ++........             (no amulet)
HPRegen  0.10/turn              x - ring of wizardry
MPRegen  0.20/turn              q - ring of magical power

@: no status effects
A: no striking features
a: no special abilities


You were on level 4 of the Dungeon.
You were not hungry.

You visited 1 branch of the dungeon, and saw 4 of its levels.

You collected 223 gold pieces.

Inventory:

Hand Weapons
 s - a +0 short sword
 t - a +0 club
 v - a +2 flail of protection (weapon)
Armour
 a - a +0 robe
 f - a +0 pair of boots (worn)
 r - a cursed +0 robe (worn)
Jewellery
 e - a +6 ring of strength
 q - a ring of magical power (right hand)
 x - a ring of wizardry (left hand)
 B - an uncursed amulet of guardian spirit {unknown}
Wands
 p - a wand of iceblast (15)
 y - a wand of disintegration (22)
Scrolls
 b - 6 scrolls of identify {unknown}
 d - a scroll of enchant weapon {unknown}
 g - a scroll of noise {unknown}
 i - 4 scrolls of remove curse {unknown}
 m - a scroll of teleportation {unknown}
 n - 2 scrolls of fog {unknown}
 o - 4 scrolls of fear {unknown}
 u - a scroll of immolation {unknown}
 A - a scroll of amnesia {unknown}
Potions
 h - 3 potions of heal wounds {unknown}
 j - a potion of magic {unknown}
 k - 2 potions of lignification {unknown}
 l - a potion of ambrosia {unknown}
 w - a potion of curing {unknown}
 z - a potion of invisibility {unknown}
 D - a potion of mutation {unknown}
Comestibles
 c - 8 rations


   Skills:
 - Level 2.4 Dodging
 - Level 2.4 Stealth
 * Level 6.4 Spellcasting
 * Level 6.5 Conjurations
 + Level 0.0 Hexes
 + Level 0.0 Translocations


You had 6 spell levels left.
You knew the following spells:

 Your Spells              Type           Power        Failure   Level  Hunger
a - Magic Dart            Conj           ####         1%          1    None
c - Iskenderun's Mystic   Conj/Tloc      ###.....     9%          4    ###....
d - Fulminant Prism       Conj/Hex       ###.......   9%          4    ###....
z - Searing Ray           Conj           #####.       1%          2    None

Your spell library contained the following spells:

 Spells                   Type           Power        Failure   Level  Hunger
 Dazzling Flash           Conj/Hex       ###...       2%          3    #......
 Corona                   Hex            #......      3%          1    None
 Ensorcelled Hibernation  Hex/Ice        #.....       5%          2    None
 Confusing Touch          Hex            #.......     11%         3    #......
 Tukima's Dance           Hex            #.......     11%         3    #......


Dungeon Overview and Level Annotations

Branches:
Dungeon (4/15)
 Temple: D:4-7

Altars:

Annotations:
D:4 Ijyb, Sigmund


Message History

Aim: Ijyb, wearing a +0 ring mail and carrying a wand of disintegration (14) (moderately wounded)
The magic dart hits Ijyb.
Ijyb is moderately wounded.
Casting: Magic Dart (safe; 1% risk of failure)
Confirm with . or Enter, or press ? or * to list all spells.
Aiming: Searing Ray (safe; 1% risk of failure)
Press: ? - help, Shift-Dir - straight line, f/p - Ijyb
Aim: Ijyb, wearing a +0 ring mail and carrying a wand of disintegration (14) (moderately wounded)
The searing ray misses Ijyb. (Press . to maintain the ray.)
The searing ray hits Ijyb.
Ijyb is heavily wounded.
The searing ray hits Ijyb but does no damage.
Ijyb is heavily wounded.
Ijyb zaps a wand.
You are blasted!
The searing ray hits Ijyb.
Ijyb is heavily wounded.
You finish channeling your searing ray.
Ijyb zaps a wand.
You are blasted!
Ouch! That really hurt!
You die...

#≈≈≈≈≈≈≈≈### #####
#####≈≈≈≈≈##########
...................)
###....)÷##########
#####......# #
#..........# #
#..........# #
#....†##...# #
#...@.###### #
#.....# # #...g.# #
#.....# # #.....# #
#....[# # #.....# #
####### # #


You could see Ijyb.

Vanquished Creatures
  An orc priest (D:3)
  2 hounds (D:4)
  A worker ant (D:4)
  3 gnolls (D:3)
  A howler monkey skeleton (D:2)
  4 adders
  A worm (D:3)
  A dart slug (D:1)
  A leopard gecko (D:4)
  12 orcs (D:3)
  13 bats
  3 giant cockroaches
  7 goblins
  9 hobgoblins
  5 quokkas
  A ball python (D:2)
  10 frilled lizards
  11 kobolds
  A quokka skeleton (D:4)
  9 rats
96 creatures vanquished.

Notes
Turn   | Place    | Note
-------+----------+-------------------------------------------
     0 | D:1      | lorenzova the Deep Elf Conjurer began the quest for the
                  | Orb.
     0 | D:1      | Reached XP level 1. HP: 10/10 MP: 6/6
   239 | D:1      | Reached XP level 2. HP: 15/15 MP: 4/8
   318 | D:1      | Learned a level 2 spell: Searing Ray
   912 | D:1      | Reached skill level 5 in Conjurations
   912 | D:1      | Reached XP level 3. HP: 19/19 MP: 7/10
  1950 | D:3      | Reached XP level 4. HP: 24/24 MP: 12/12
  2155 | D:3      | Noticed an orc warrior
  2216 | D:3      | Reached skill level 5 in Spellcasting
  2433 | D:3      | Reached XP level 5. HP: 28/28 MP: 14/14
  3268 | D:4      | Reached XP level 6. HP: 32/32 MP: 17/17
  3274 | D:4      | Learned a level 4 spell: Fulminant Prism
  3279 | D:4      | Learned a level 4 spell: Iskenderun's Mystic Blast
  3359 | D:4      | Noticed Sigmund
  3812 | D:4      | Noticed Ijyb
  3819 | D:4      | Blown up by Ijyb

Illustrated notes

Levels and vault maps discovered:
D:1:      minmay_arrival_radiant_lines, layout_loops_ring, minmay_heptomino_d4
D:2:      layout_rooms
D:3:      layout_rooms, minmay_starry_boxes
D:4:      cheibrodos_thug_alley, layout_basic, first_ration, uniq_ijyb,
          uniq_sigmund

Skill      XL: |  1  2  3  4  5 |
---------------+----------------+-----
Spellcasting   | 4 5 6 |  6.4
Conjurations   | 5 6 |  6.5
Dodging        | |  2.4
Stealth        | |  2.4

Action                   |  1- 3 |  4- 6 || total
-------------------------+-------+-------++-------
Melee: Flail             |       |     2 ||     2
 Cast: Magic Dart        |    83 |   103 ||   186
       Searing Ray       |       |     6 ||     6
  Eat: Chunk             |     3 |     6 ||     9
Armor: Robe              |     1 |     7 ||     8
Dodge: Dodged            |     4 |    18 ||    22
